 Dungeon Crawl Stone Soup version 0.28.0 (webtiles) character file.

Game seed: 17313373386628078237

39 AmazingTV the Sneak (level 3, -5/18 HPs)
             Began as a Spriggan Brigand on June 28, 2022.
             Slain by a gnoll (12 damage)
             ... on level 2 of the Dungeon.
             The game lasted 00:04:33 (1390 turns).

AmazingTV the Sneak (Spriggan Brigand)              Turns: 1390, Time: 00:04:33

Health: -5/18      AC:  3    Str:  7    XL:     3   Next: 26%
Magic:  4/4        EV: 16    Int: 12    God:
Gold:   48         SH:  0    Dex: 18    Spells: 2/2 levels left

rFire   . . .      SeeInvis +   a - +2 dagger
rCold   . . .      Faith    .   (no shield)
rNeg    . . .      Spirit   .   b - +0 robe
rPois   .          Reflect  .   (helmet restricted)
rElec   .          Harm     .   c - +0 cloak
rCorr   .          Rampage  .   (gloves unavailable)
Will    .....                   (boots unavailable)
Stlth   ++++......              (no amulet)
HPRegen 0.06/turn               (no ring)
MPRegen 0.09/turn               (no ring)

@: very quick
A: very small, no large weapons, unfitting armour, see invisible, speed 3
a: no special abilities


You were on level 2 of the Dungeon.
You visited 1 branch of the dungeon, and saw 3 of its levels.

You collected 48 gold pieces.

Inventory:

Hand Weapons
 a - a +2 dagger (weapon)
Missiles
 d - 6 poisoned darts (quivered)
 e - 2 curare-tipped darts
 g - 41 stones
 k - 23 sling bullets
Armour
 b - a +0 robe (worn)
 c - a +0 cloak (worn)
Jewellery
 i - a ring of protection from cold
Scrolls
 f - a scroll of identify {unknown}
 m - a scroll of fear {unknown}
Potions
 h - 2 potions of degeneration {unknown}
 j - a potion of curing {unknown}
 l - 2 potions of invisibility {unknown}


   Skills:
 - Level 1.5 Fighting
 + Level 3.3 Short Blades
 - Level 2.0 Throwing
 - Level 1.3 Dodging
 + Level 6.9 Stealth


You had 2 spell levels left.
You didn't know any spells.
Your spell library contained the following spells:

 Spells                   Type           Power      Damage    Failure   Level
 Beastly Appendage        Tmut           0%         N/A       32%         1
 Wereblood                Tmut           0%         N/A       45%         2
 Spider Form              Tmut/Pois      0%         N/A       69%         3


Dungeon Overview and Level Annotations

Branches:
Dungeon (3/15)

Altars:


Innate Abilities, Weirdness & Mutations

You are very small and have problems with some larger weapons.
You are too small for most types of armour.
You have supernaturally acute eyesight. (SInv)
You cover ground extremely quickly. (Speed+++)


Message History

There is a stone staircase leading up here.
The orc shouts! x2; The orc wizard shouts!
The orc shouts!
The endoplasm quivers.
You hear an angry hiss.
You hit the orc.
The orc is heavily wounded.
The orc wizard casts a spell at you. The magic dart hits you.
There is a stone staircase leading up here.
The orc throws a boomerang.
The boomerang misses you.
You climb upwards.
There is a stone staircase leading down here.
You start resting.
HP restored.
The gnoll shouts!
You hear a shout!
You hit the gnoll.
The gnoll is lightly wounded.
The gnoll misses you.
You hit the gnoll.
The gnoll is moderately wounded.
The gnoll barely misses you.
You hit the gnoll.
The gnoll is moderately wounded.
You hit the gnoll.
The gnoll is heavily wounded.
The gnoll hits you with a +0 flail!
You throw a poisoned dart. The poisoned dart hits the gnoll.
The gnoll is poisoned.
The gnoll is heavily wounded.
The gnoll closely misses you. The gnoll closely misses you.
You throw a poisoned dart. The poisoned dart hits the gnoll.
The gnoll is severely wounded.
The gnoll barely misses you.
You hit the gnoll.
The gnoll is almost dead.
The gnoll hits you with a +0 flail.
The gnoll hits you from afar with a +0 halberd!
Ouch! That really hurt!
You die...

##########
#........#
#.......(#
#>....@..#
#.....g..# ####
#...g....####..#
#######..####.....#
#.. #...^.....##..#
...#.##..#####..##
#.#.##..# #.##
#...#...###...
###......#..##


You could see 2 gnolls.

Vanquished Creatures
  A dart slug (D:2)
  2 bats
  4 endoplasms
  3 goblins
  9 hobgoblins
  A quokka (D:1)
  3 ball pythons (D:1)
  4 frilled lizards (D:1)
  2 kobolds (D:1)
  3 rats
32 creatures vanquished.

Notes
Turn   | Place    | Note
-------+----------+-------------------------------------------
     0 | D:1      | AmazingTV the Spriggan Brigand began the quest for the Orb.
     0 | D:1      | Reached XP level 1. HP: 10/10 MP: 2/2
    65 | D:1      | Found a faded altar of an unknown god.
    73 | D:1      | Reached skill level 6 in Stealth
   195 | D:1      | Reached XP level 2. HP: 14/14 MP: 3/3
   884 | D:1      | Reached XP level 3. HP: 18/18 MP: 4/4
  1390 | D:2      | Slain by a gnoll

Illustrated notes

Levels and vault maps discovered:
D:1:      matt_arrival_grand_opening, layout_loops_cross,
          hellmonk_ecumenical_altar_slurped_away, st_stairs_11
D:2:      layout_rooms, chequers_serial_rivers_room_a, minmay_cut_off
D:3:      layout_rooms, lemuel_doored_altar, serial_park_tiny_1,
          minmay_misc_feat_x

Skill      XL: |  1  2 |
---------------+-------+-----
Stealth        | 6 |  6.9
Short Blades   | 3 |  3.3
Fighting       | |  1.5
Throwing       | |  2.0
Dodging        | |  1.3

Action                   || total
-------------------------++-------
Melee: Dagger            ||    81
       Punch             ||     1
Throw: Dart              ||     4
 Stab: Sleeping          ||    13
Armor: Robe              ||     2
Dodge: Dodged            ||    39
